 Dungeon Crawl Stone Soup version 0.27-a0-686-gaed091b46b (webtiles) character file.

Game seed: 17271764908170304312

315 acebull12 the Cutter (level 6, -4/38 HPs)
             Began as a Kobold Monk on Mar 20, 2021.
             Was a Believer of Dithmenos.
             Killed by nerve-wracking pain
             ... invoked by an orc priest
              (7 damage)
             ... on level 4 of the Dungeon.
             The game lasted 00:12:42 (4199 turns).

acebull12 the Cutter (Kobold Monk)                  Turns: 4199, Time: 00:12:43

Health: -4/38      AC:  6    Str: 10    XL:     6   Next: 72%
Magic:  6/6        EV: 16    Int: 11    God:    Dithmenos [**....]
Gold:   151        SH:  0    Dex: 18    Spells: 5/5 levels left

rFire    . . .     SeeInvis .   s - +0 rapier
rCold    . . .     Faith    +   (shield restricted)
rNeg     . . .     Spirit   .   b - +0 robe
rPois    .         Reflect  .   r - +1 helmet
rElec    .         Harm     .   d - +0 cloak
rCorr    .         Rampage  .   h - +0 pair of gloves
Will     .....                  (no boots)
Stlth    ++++++....             e - amulet of faith
HPRegen  0.12/turn              (no ring)
MPRegen  0.10/turn              (no ring)

@: wreathed by umbra
A: small, no large weapons, nightstalker 3
a: Renounce Religion, Shadow Step


You were on level 4 of the Dungeon.
You worshipped Dithmenos.
Dithmenos was pleased with you.
You visited 1 branch of the dungeon, and saw 4 of its levels.

You collected 151 gold pieces.

Inventory:

Hand Weapons
 a - a +0 short sword
 s - a +0 rapier (weapon)
Missiles
 m - 2 poisoned darts
 p - 5 silver boomerangs (quivered)
Armour
 b - a +0 robe (worn)
 d - a +0 cloak (worn)
 h - a +0 pair of gloves (worn)
 r - a +1 helmet (worn)
Jewellery
 e - an amulet of faith (around neck)
 g - a +6 ring of strength
 q - an amulet of faith
Scrolls
 c - a scroll of silence {unknown}
 f - a scroll of teleportation
 i - a scroll of noise {unknown}
 o - 2 scrolls of identify {unknown}
 t - a scroll of holy word {unknown}
Potions
 j - a potion of brilliance {unknown}
 k - a potion of heal wounds {unknown}
 l - a potion of curing {unknown}
 n - a potion of attraction {unknown}
 u - a potion of degeneration {unknown}
 v - a potion of cancellation {unknown}


   Skills:
 * Level 4.2 Fighting
 * Level 6.8 Short Blades
 + Level 4.2 Dodging
 * Level 5.6 Stealth


You had 5 spell levels left.
You didn't know any spells.
Your spell library contained the following spells:

 Spells                   Type           Power      Damage    Failure   Level
 Animate Skeleton         Necr           0%         N/A       34%         1
 Apportation              Tloc           0%         N/A       34%         1
 Corona                   Hex            0%         N/A       34%         1
 Summon Small Mammal      Summ           0%         N/A       34%         1


Dungeon Overview and Level Annotations

Branches:
Dungeon (4/15)
 Temple: D:4-7

Altars:
Dithmenos
Hepliaklqana
Kikubaaqudgha


Innate Abilities, Weirdness & Mutations

You are small and have problems with some larger weapons.
You are completely attuned to the shadows.


Message History

The orc is severely wounded.
The orc misses you.
You hit the orc but do no damage.
The orc is severely wounded.
The orc barely misses you.
You puncture the orc!
You kill the orc!
Dithmenos accepts your kill. The orc closely misses you.
You puncture the orc priest!
The orc priest is severely wounded.
The orc priest hits you. The orc misses you. The orc hits you with a +0 flail!
You hit the orc priest.
The orc priest is almost dead.
The orc priest looks encouraged for a moment.
You closely miss the orc priest.
The orc priest is almost dead.
The orc barely misses you. x2
The orc priest calls down the wrath of Beogh upon you.
Beogh smites you!
You are too injured to fight recklessly!
You are too injured to fight recklessly!
The orc misses you.
The orc priest invokes the aid of Beogh against you.
Beogh smites you!
* * * LOW HITPOINT WARNING * * *
Found 8 gold pieces.
A howler monkey comes into view.
The orc closely misses you.
The orc priest casts a cantrip, but nothing happens.
The orc misses you.
Okay, then.
You puncture the orc!
The orc is almost dead.
You hit the orc.
You kill the orc!
Dithmenos accepts your kill.
The orc priest mumbles some strange prayers to Beogh against you.
Pain shoots through your body!
You die...

##### ....# ....# #####
....####...# ....
......##<#.### #.h...
....#.####...# #$...#
<...#.#....#.#####....# #
##.#<..#.#.#....@)o...#.#
##.##........#####....#.##.#
#..........#.#####.........#
####.#..............o.?#...#
#.#######...........#...#
#....................)...
#########........###...>.
#####..........).
#....)......#


You could see an orc priest and an orc.

Vanquished Creatures
  An ogre (D:3)
  A scorpion (D:4)
  Robin (D:2)
  A worker ant zombie (D:2)
  5 adders (D:2)
  2 oozes
  A worm (D:2)
  4 dart slugs
  A leopard gecko (D:2)
  10 orcs
  2 giant cockroaches
  12 goblins
  7 hobgoblins
  10 jackals
  3 quokkas (D:1)
  4 bats
  4 frilled lizards
  8 kobolds
  A leopard gecko skeleton (D:2)
  5 rats
83 creatures vanquished.

Vanquished Creatures (others)
  A plant (D:2)
1 creature vanquished.

Grand Total: 84 creatures vanquished

Notes
Turn   | Place    | Note
-------+----------+-------------------------------------------
     0 | D:1      | acebull12 the Kobold Monk began the quest for the Orb.
     0 | D:1      | Reached XP level 1. HP: 14/14 MP: 1/1
   651 | D:1      | Reached XP level 2. HP: 19/19 MP: 2/2
  1057 | D:2      | Reached XP level 3. HP: 24/24 MP: 3/3
  1494 | D:2      | Reached XP level 4. HP: 24/29 MP: 4/4
  1563 | D:2      | Found a hazy altar of Hepliaklqana.
  1578 | D:2      | Found an ancient bone altar of Kikubaaqudgha.
  1580 | D:2      | Found a shadowy altar of Dithmenos.
  1589 | D:2      | Became a worshipper of Dithmenos the Shadowed
  1589 | D:2      | Reached * piety under Dithmenos
  1589 | D:2      | Reached ** piety under Dithmenos
  2190 | D:2      | Reached skill level 5 in Short Blades
  2455 | D:2      | Reached XP level 5. HP: 31/33 MP: 0/5
  2791 | D:3      | Noticed Robin
  2793 | D:3      | Reached skill level 5 in Stealth
  2919 | D:2      | Killed Robin
  3208 | D:3      | Noticed an ogre
  3212 | D:3      | Killed an ogre
  3213 | D:3      | Reached skill level 6 in Short Blades
  3213 | D:3      | Reached XP level 6. HP: 38/38 MP: 6/6
  3531 | D:3      | Reached *** piety under Dithmenos
  4199 | D:4      | Killed from afar by an orc priest

Illustrated notes

Levels and vault maps discovered:
D:1:      matt_arrival_diagonals, layout_basic
D:2:      layout_loops_cross, gammafunk_temple_overflow_forgotten,
          kennysheep_another_room
D:3:      layout_basic, uniq_robin
D:4:      layout_basic, general_overflow_altar, grunt_qazlal_clouds,
          kennysheep_mini

Skill      XL: |  1  2  3  4  5 |
---------------+----------------+-----
Stealth        | 3 4 5 |  5.6
Dodging        | 4 |  4.2
Short Blades   | 5 6 |  6.8
Fighting       | 4 |  4.2

Action                   |  1- 3 |  4- 6 || total
-------------------------+-------+-------++-------
Melee: Short sword       |    67 |   236 ||   303
       Rapier            |       |    19 ||    19
Throw: Boomerang         |       |     1 ||     1
Invok: Shadow Step       |       |     3 ||     3
  Use: Scroll            |       |     1 ||     1
 Stab: Sleeping          |    14 |    14 ||    28
       Distracted        |     1 |       ||     1
Armor: Robe              |    10 |    25 ||    35
Dodge: Dodged            |    27 |   195 ||   222

Table legend: (Time is in decaauts)
 A = Elapsed time spent in this place.
 B = Non-inter-level travel time spent in this place.
 C = Inter-level travel time spent in this place.
 D = Time resting spent in this place.
 E = Time spent auto-exploring this place.
 F = Levels seen in this place.
 G = Mean time per level.
                   A        B        C        D        E       F      G
               +--------+--------+--------+--------+--------+-----+--------+
         Total |   4156 |   3954 |    202 |    448 |   2738 |   4 | 1039.0 |
       Dungeon |   4156 |   3954 |    202 |    448 |   2738 |   4 | 1039.0 |
               +--------+--------+--------+--------+--------+-----+--------+

Top non-repeatable levels by time:
     D:2: 1699 daAuts
     D:3: 1146 daAuts
     D:1: 1084 daAuts
     D:4: 226 daAuts
